 Dungeon Crawl Stone Soup version 0.17.0-24-gcfadda4 (console) character file.

82 jw the Cutter (level 4, -3/31 HPs)
             Began as an Octopode Berserker on Nov 15, 2015.
             Was a Believer of Trog.
             Slain by a worm (6 damage)
             ... on level 3 of the Dungeon.
             The game lasted 00:06:05 (2072 turns).

jw the Cutter (Octopode Berserker)                  Turns: 2072, Time: 00:06:05

Health: -3/31      AC:  1    Str: 16      XL:     4   Next: 43%
Magic:  4/4        EV: 12    Int:  9      God:    Trog [**....]
Gold:   108        SH:  0    Dex:  9 (12) Spells: 0 memorised, 3 levels left

rFire  . . .     SeeInvis .     b - +0 dagger (flame)
rCold  . . .     Clarity  .     (no shield)
rNeg   . . .     SustAt   .     (helmet restricted)
rPois  .         Gourm    .     (no amulet)
rElec  .         Spirit   .     (no ring)
rCorr  .         Warding  .     (no ring)
rMut   .         Stasis   .     (no ring)
MR     .....                    (no ring)
Stlth  +++.......               (no ring)
                                (no ring)
                                (no ring)
                                (no ring)

@: not resistant to hostile enchantments, fairly stealthy
A: almost no armour, amphibious, 8 rings, constrict 8, camouflage 1, gelatinous
body 1
a: Berserk, Trog's Hand, Burn Spellbooks, Renounce Religion


You were on level 3 of the Dungeon.
You worshipped Trog.
Trog was pleased with you.
You were not hungry.

You visited 1 branch of the dungeon, and saw 3 of its levels.

You collected 108 gold pieces.

Inventory:

Hand Weapons
 b - a +0 dagger of flaming (weapon)
Missiles
 c - 109 stones
 k - 4 tomahawks (quivered)
Wands
 j - a wand of enslavement (9)
Scrolls
 d - 2 scrolls of identify
 e - a scroll of remove curse
Potions
 f - 2 potions of ambrosia
Comestibles
 a - 4 fruits
 g - 2 bread rations
 h - a meat ration
 i - a beef jerky


   Skills:
 + Level 3.2 Fighting
 * Level 3.7 Short Blades
 + Level 1.4 Throwing
 + Level 3.4 Dodging
 * Level 2.6 Stealth


You had 3 spell levels left.
You didn't know any spells.

Dungeon Overview and Level Annotations

Branches:
Dungeon (3/15)

Altars:


Innate Abilities, Weirdness & Mutations

You cannot wear most types of armour.
You are amphibious.
You can wear up to eight rings at the same time.
You can use your tentacles to constrict eight enemies at once.
Your skin changes colour to match your surroundings (Stealth).
Your rubbery body absorbs attacks (AC +1).


Message History

MOVING TO (-3,-1)
The bat hits you. The goblin closely misses you.
You see here 14 gold pieces.
MOVING TO (-2,-1)
The goblin misses you.
MOVING TO (-1,-1)
The bat barely misses you.
MOVING TO (7,1)
The bat closely misses you. The goblin barely misses you.
MOVING TO (6,1)
The bat hits you but does no damage. The bat misses you. The worm bites you!
The goblin barely misses you.
MOVING TO (5,1)
The bat barely misses you.
MOVING TO (4,2)
You barely miss the bat. Your grab misses the bat. Your squeeze misses the bat.
The bat closely misses you. x2
MOVING TO (3,1)
The bat closely misses you. The worm bites you.
You die...

#.## ...## ....#
..###..#.. ####### ...
#..#.....#
.......####..
!........#
...........## #.......#
..........g## #......#
#........wx#### #.##...
#.......b.....####.##.#
#......<...##......%..#
#..........#.......<###
#............##.......#
##.................##.#
#............##....#
...
#....)......###...>#
....
#............###..##
....#


You could see a worm, a goblin and a bat.

Table legend:
 A = Turns spent in this place as a percentage of turns spent in the entire game.
 B = Non-inter-level travel turns spent in this place as a percentage of non-inter-level travel turns spent in the entire game.
 C = Inter-level travel turns spent in this place as a percentage of turns spent in this place.
 D = Turns resting spent in this place as a percentage of non-inter-level travel turns spent in this place.
 E = Turns spent auto-exploring this place as a percentage of non-inter-level travel turns spent in this place.
 F = Non-inter-level travel turns spent in this place divided by the number of levels of this place that you've seen.
                   A       B       C       D       E      F
               +-------+-------+-------+-------+-------+----------------------
         Total | 100.0 | 100.0 |   0.6 |   0.9 |   2.6 | 1011.0
       Dungeon | 100.0 | 100.0 |   0.6 |   0.9 |   2.6 | 1011.0
               +-------+-------+-------+-------+-------+----------------------

Table legend:
 A = Kills in this place as a percentage of kills in entire the game.
 B = Kills by you in this place as a percentage of kills by you in the entire game.
 C = Kills by friends in this place as a percentage of kills by friends in the entire game.
 D = Other kills in this place as a percentage of other kills in the entire game.
 E = Experience gained in this place as a percentage of experience gained in the entire game.
 F = Experience gained in this place divided by the number of levels of this place that you have seen.
                   A       B       C       D       E      F
               +-------+-------+-------+-------+-------+----------------------
         Total | 100.0 | 100.0 |  -nan |  -nan | 100.0 |  39.3
       Dungeon | 100.0 | 100.0 |  -nan |  -nan | 100.0 |  39.3
               +-------+-------+-------+-------+-------+----------------------

Vanquished Creatures
  3 adders
  2 oozes (D:1)
  A worm (D:2)
  2 giant geckos
  3 giant cockroaches
  4 goblins
  6 hobgoblins
  8 kobolds
  3 bats
  3 giant newts
  5 rats
40 creatures vanquished.

Notes
Turn   | Place    | Note
--------------------------------------------------------------
     0 | D:1      | jw the Octopode Berserker began the quest for the Orb.
     0 | D:1      | Reached XP level 1. HP: 16/16 MP: 1/1
   273 | D:1      | Reached skill level 1 in Stealth
   273 | D:1      | Reached XP level 2. HP: 21/21 MP: 2/2
   549 | D:1      | Reached skill level 1 in Throwing
   560 | D:1      | Reached XP level 3. HP: 18/26 MP: 3/3
  1378 | D:2      | Reached ** piety under Trog
  1700 | D:2      | Reached XP level 4. HP: 31/31 MP: 4/4
  2072 | D:3      | Slain by a worm

Action                   |  1- 3 |  4- 6 || total
-------------------------+-------+-------++-------
Melee: Short sword       |     8 |       ||     8
       Dagger            |    44 |    18 ||    62
Throw: Stone             |    63 |     4 ||    67
       Tomahawk          |     9 |     9 ||    18
Invok: Berserk           |     1 |       ||     1
  Use: Scroll            |     3 |     2 ||     5
       Potion            |     2 |     2 ||     4
 Stab: Sleeping          |     5 |     1 ||     6
  Eat: Chunk             |     3 |     1 ||     4

Vault maps used:
D:1:      minmay_arrival_stone_box
D:2:      minmay_tree_intersection
D:3:      uniq_iyjb
